 Dungeon Crawl Stone Soup version 0.29.1-1-gd02db6906a (webtiles) character file.

Game seed: 17858565240426403858

110451 groovy9 the Crack Shot (level 16, -16/120 HPs)
             Began as a Minotaur Hunter on Sept 15, 2022.
             Was the Champion of Hepliaklqana.
             Demolished by a ghost moth (18 damage)
             ... on level 2 of the Spider Nest.
             The game lasted 01:33:36 (20483 turns).

groovy9 the Crack Shot (Minotaur Hunter)           Turns: 20483, Time: 01:33:36

Health: -16/120    AC: 12    Str: 14 (15) XL:     16   Next: 7%
Magic:  0/21       EV: 19    Int:  8      God:    Hepliaklqana [******]
Gold:   396        SH:  0    Dex: 24      Spells: 15/15 levels left

rFire   x . .      SeeInvis +   G - +5 triple crossbow (flame)
rCold   . . .      Faith    .   (shield currently unavailable)
rNeg    . . .      Spirit   .   L - +0 troll leather armour
rPois   +          Reflect  .   (helmet restricted)
rElec   .          Harm     .   s - +0 cloak
rCorr   .          Rampage  .   v - +2 pair of gloves
Will    +....                   k - +1 pair of boots
Stlth   ++........              r - amulet of regeneration
HPRegen 1.90/turn               S - ring of Newnalau {Fly rF- Int+2 Dex+3 SInv}
MPRegen 0.17/turn               l - ring of poison resistance

@: flying
A: reduced essence, horns 2, retaliatory headbutt, weak 1
a: Renounce Religion, Recall Ancestor, Ancestor Identity, Transference, Idealise


You were on level 2 of the Spider Nest.
You worshipped Hepliaklqana.
Hepliaklqana was exalted by your worship.
You visited 6 branches of the dungeon, and saw 26 of its levels.
You also visited: Ossuary, Bailey and Ice Cave.

You collected 2710 gold pieces.
You spent 2314 gold pieces at shops.

Inventory:

Hand Weapons
 a - a +1 shortbow of flaming
 G - a +5 triple crossbow of flaming (weapon)
Missiles
 e - 11 throwing nets
Armour
 h - +0 acid dragon scales
 k - a +1 pair of boots (worn)
 s - a +0 cloak (worn)
 v - a +2 pair of gloves (worn)
 y - a +0 crystal plate armour
 L - a +0 troll leather armour (worn)
Jewellery
 c - a +6 ring of dexterity
 l - a ring of poison resistance (right hand)
 n - a ring of willpower
 o - a ring of resist corrosion
 p - the ring "Letaest" {*Corrode rElec rC+ Int+7 Stlth+}
   (You found it in an ice cave)

   [ring of protection from cold]

   Int:       It affects your intelligence (+7).
   rC:        It protects you from cold.
   rElec:     It insulates you from electricity.
   *Corrode:  It may corrode you when you take damage.
   Stlth:     It makes you more stealthy.
 r - an amulet of regeneration (around neck)
 A - an amulet of reflection
 D - the ring "Venu" {rF++ rN+ Str+4 Dex+3}
   (You bought it in a shop on level 1 of the Shoals)

   [ring of positive energy]

   Str:       It affects your strength (+4).
   Dex:       It affects your dexterity (+3).
   rF:        It greatly protects you from fire.
   rN:        It protects you from negative energy.
 F - an amulet of faith
 J - the ring "Bidd" {Contam rN+ rCorr Int+6}
   (You bought it in a shop on level 1 of the Shoals)

   [ring of intelligence]

   Int:       It affects your intelligence (+6).
   rN:        It protects you from negative energy.
   Contam:    It causes magical contamination when unequipped.
   rCorr:     It protects you from acid and corrosion.
 N - a ring of positive energy
 Q - a ring of ice
 S - the ring of Newnalau (left hand) {Fly rF- Int+2 Dex+3 SInv}
   (You bought it in a shop on level 2 of the Shoals)

   [ring of flight]

   Int:       It affects your intelligence (+2).
   Dex:       It affects your dexterity (+3).
   rF:        It makes you vulnerable to fire.
   SInv:      It lets you see invisible.
   Fly:       It grants you flight.
Scrolls
 b - 9 scrolls of immolation
 d - a scroll of amnesia
 f - 4 scrolls of fear
 g - 7 scrolls of enchant armour
 q - 3 scrolls of fog
 t - 6 scrolls of teleportation
 u - a scroll of summoning
 w - 7 scrolls of noise
 E - 3 scrolls of magic mapping
 P - 4 scrolls of poison
Potions
 i - 7 potions of degeneration
 j - a potion of attraction
 m - 3 potions of lignification
 x - 5 potions of ambrosia
 z - a potion of invisibility
 B - 6 potions of flight
 H - a potion of magic
 I - 7 potions of curing
 K - 3 potions of berserk rage
 M - 3 potions of mutation
 O - a potion of cancellation
 R - a potion of resistance
Miscellaneous
 C - a lightning rod (4/4)
 T - a phial of floods
 U - a condenser vane


   Skills:
 - Level 10.0 Fighting
 - Level 26.0 Ranged Weapons
 + Level 8.3 Armour
 - Level 9.2 Dodging
 - Level 0.7 Stealth
 - Level 8.8 Invocations


You had 15 spell levels left.
You didn't know any spells.
Your spell library contained the following spells:

 Spells                   Type           Power      Damage    Failure   Level
 Necrotise                Necr           0%         1d4       45%         1
 Summon Small Mammal      Summ           0%         N/A       45%         1
 Blink                    Tloc           0%         N/A       61%         2
 Call Canine Familiar     Summ           0%         N/A       83%         3
 Frozen Ramparts          Ice            0%         1d1       83%         3
 Lesser Beckoning         Tloc           0%         N/A       83%         3
 Ozocubu's Armour         Ice            0%         N/A       83%         3
 Summon Guardian Golem    Hex/Summ       0%         N/A       83%         3
 Tukima's Dance           Hex            0%         N/A       83%         3
 Vampiric Draining        Necr           0%         2d6       83%         3
 Animate Dead             Necr           0%         N/A       99%         4
 Ice Form                 Ice/Tmut       0%         N/A       99%         4
 Passage of Golubria      Tloc           0%         N/A       99%         4
 Petrify                  Tmut/Erth      0%         N/A       99%         4
 Summon Ice Beast         Ice/Summ       0%         N/A       99%         4
 Agony                    Necr           0%         N/A       100%        5
 Alistair's Intoxication  Tmut/Pois      0%         N/A       100%        5
 Borgnjor's Vile Clutch   Necr/Erth      0%         N/A       100%        5
 Manifold Assault         Tloc           0%         N/A       100%        5
 Metabolic Englaciation   Hex/Ice        0%         N/A       100%        5
 Summon Forest            Summ/Tloc      0%         N/A       100%        5
 Summon Mana Viper        Hex/Summ       0%         N/A       100%        5
 Yara's Violent Unravell  Hex/Tmut       0%         3d3       100%        5
 Eringya's Noxious Bog    Tmut/Pois      0%         N/A       100%        6
 Statue Form              Tmut/Erth      0%         N/A       100%        6
 Summon Cactus Giant      Summ           0%         N/A       100%        6
 Haunt                    Necr/Summ      0%         N/A       100%        7
 Ozocubu's Refrigeration  Ice            0%         4d7       100%        7
 Infestation              Necr           0%         N/A       100%        8


Dungeon Overview and Level Annotations

Branches:
Dungeon (13/15)            Temple (1/1) D:4            Lair (5/5) D:10
 Shoals (3/4) Lair:2       Spider (2/4) Lair:2        Slime (0/5) Lair:5
    Orc (2/2) D:9             Elf (0/3) Orc:2       Ossuary (visited)
 Bailey (visited)           IceCv (visited)
 Vaults: D:13-14

Altars:
Ashenzari
Cheibriados
Dithmenos
Elyvilon
Fedhas
Gozag
Hepliaklqana
Kikubaaqudgha
Makhleb
Nemelex Xobeh
Okawaru
Qazlal
Ru
Sif Muna
Trog
Uskayaw
Vehumet
Wu Jian
Xom
Yredelemnul
Zin
The Shining One
Jiyva

Shops:
D:1 (   D:8 (   Orc:2 *:*(!   Shoals:1 =**   Shoals:2 =

Portals:
Pandemonium: Orc:2

Annotations:
Shoals:3 Mlioglotl, Nikola
Spider:2 Agnes, Frances


Innate Abilities, Weirdness & Mutations

Your life essence is reduced to manifest your ancestor. (-10% HP)
You have a pair of horns on your head.
You reflexively headbutt those who attack you in melee.
You are weak. (Str -2)


Message History

Ealamassi completely misses Agnes.
The ghost moth stares at you.
You feel your power leaking away. The ghost moth hits you.
The ghost moth misses you. The ghost moth stings you.
The ghost moth attacks as you move away!
The ghost moth misses you. The ghost moth hits you!
You feel weakened. The ghost moth completely misses you.
Agnes attacks as you move away!
Agnes hits you with a +1 lajatang of speed! x2
The ghost moth stares at you.
You feel your power leaking away. Agnes closely misses you.
Frances hits Ealamassi with a +0 long sword.
Something touches Ealamassi but does no damage.
Agnes hits you with a +1 lajatang of speed!!
Ealamassi hits Frances with a +0 broad axe of flaming!
Ealamassi burns Frances.
Ealamassi closely misses the red devil.
Ealamassi hits something with a +0 broad axe of flaming.
Ealamassi burns something.
Something touches Ealamassi.
Ealamassi blocks Frances's attack.
Agnes completely misses you. You furiously retaliate!
You headbutt Agnes, but do no damage. Agnes attacks as you move away!
Agnes hits you with a +1 lajatang of speed.
Agnes closely misses you.
Frances mutters in a terrible tongue.
Ealamassi blocks the tarantella's attack.
The ghost moth stares at you.
Ealamassi closely misses the tarantella.
Agnes hits you with a +1 lajatang of speed!!
* * * LOW HITPOINT WARNING * * *
There is a stone staircase leading up, spattered with blood here.
Agnes hits you with a +1 lajatang of speed!
* * * LOW HITPOINT WARNING * * *
Ealamassi blocks the tarantella's attack.
Agnes hits you with a +1 lajatang of speed!
* * * LOW HITPOINT WARNING * * *
The ghost moth hits you!!
You die...

#.. ...# ....#
.....# ......#
.......##########
#..........##...#
#....|....#...#
##...@i...#...##
#....y........#
#..............##
##..#####.R.....#
#.##.#.###@4^###
###........s.#
#.....^.4..#
#..............
##....4........


You could see the friendly Ealamassi the knight, Frances, Agnes, a ghost moth
(invisible), a rust devil (summoned) and a tarantella (ally target).

Vanquished Creatures
  Polyphemus (Shoals:1)
  Ilsuiw (Shoals:1)
  A broodmother (Spider:1)
  A merfolk impaler (Shoals:2)
  Josephine (Lair:5)
  Fannar (Lair:3)
  2 hydras
  A merfolk avatar (Shoals:1)
  5 boulder beetles
  4 catoblepae
  A demonspawn (Orc:2)
  2 jorogumos (Spider:1)
  A centaur warrior (D:13)
  Erica (D:11)
  A two-headed ogre (D:10)
  A deep troll shaman (Lair:5)
  8 death yaks
  2 tengu warriors (D:10)
  2 orc high priests (Orc:2)
  A pharaoh ant (Spider:1)
  A steelbarb worm (Spider:1)
  2 sea snakes (Shoals:1)
  A lindwurm (Lair:5)
  A harpy (shapeshifter) (D:12)
  6 harpies
  3 orc knights (Orc:2)
  7 orc sorcerers (Orc:2)
  6 manticores
  2 wolf spiders (Spider:1)
  2 ugly things (D:11)
  9 fauns
  8 elephants
  5 merfolk sirens
  4 black mambas
  3 ice statues (IceCv)
  A rust devil (Orc:2)
  2 water nymphs (Shoals:2)
  A smoke demon (Orc:2)
  An unseen horror (D:12)
  7 cane toads
  3 torpor snails
  A rime drake (Lair:5)
  2 demonic crawlers (Spider:1)
  Maggie (D:7)
  6 komodo dragons
  2 tengu conjurers (D:13)
  4 trolls
  3 merfolk
  2 polar bears
  6 tarantellas (Spider:1)
  A wind drake (Shoals:1)
  Prince Ribbit (D:6)
  14 slime creatures
  A hornet (D:9)
  A snapping turtle (Lair:2)
  3 blink frogs (Lair:2)
  6 culicivoras
  21 jumping spiders
  2 wyverns
  A water elemental (Shoals:1)
  A shadow (D:11)
  A vampire (D:10)
  3 wraiths (Lair:5)
  37 yaks
  14 redbacks
  4 basilisks
  5 vampire mosquitoes (D:12)
  3 wargs
  Menkaure (D:4)
  7 water moccasins
  25 orc warriors
  An ice beast (D:8)
  2 black bears
  2 great orb of eyes simulacra (IceCv)
  19 wolves
  3 ogres
  5 centaurs
  A phantom (D:6)
  3 slime creature simulacra (IceCv)
  3 kobold brigands
  An elf zombie (Ossuary)
  8 bullfrogs
  7 gnoll sergeants (Bailey)
  2 scorpions
  A glowing shapeshifter simulacrum (IceCv)
  10 wights
  5 killer bees (D:8)
  3 electric eels
  2 howler monkeys
  A human zombie (Ossuary)
  23 orc priests
  Crazy Yiuf (D:3)
  7 gnoll boudas
  8 hounds
  A jelly (D:5)
  14 orc wizards
  4 iguanas
  4 shapeshifter simulacra (IceCv)
  A hound zombie (Ossuary)
  3 mummies (Ossuary)
  20 gnolls
  3 adders
  9 white imps
  6 adder zombies (Ossuary)
  3 worms
  4 dart slugs
  55 orcs
  11 ball pythons
  8 bats
  3 endoplasms
  5 giant cockroaches
  9 goblins
  6 hobgoblins
  6 jackals
  14 kobolds
  9 quokkas
  3 frilled lizards
  3 gnoll zombies (Ossuary)
  4 goblin zombies
  4 hobgoblin zombies (Ossuary)
  A jackal zombie (Ossuary)
  2 kobold zombies (Ossuary)
  An orc zombie (Ossuary)
  A quokka zombie (Ossuary)
  6 rats
  5 rat zombies (Ossuary)
638 creatures vanquished.

Vanquished Creatures (collateral kills)
  Arachne (Spider:2)
  An azure jelly (IceCv)
  A quicksilver ooze (IceCv)
  A spark wasp (Spider:1)
  A merfolk impaler (Shoals:2)
  2 hydras
  A jorogumo (Spider:1)
  A two-headed ogre (D:11)
  A death yak (Shoals:2)
  An orc high priest (Orc:2)
  A soul eater (Orc:2)
  A pharaoh ant (Spider:1)
  2 sea snakes
  A lindwurm (Lair:5)
  2 harpies
  An orc knight (Orc:2)
  A wolf spider (Spider:1)
  A faun (Shoals:2)
  2 orc sorcerers (Orc:2)
  A merfolk siren (Shoals:1)
  4 elephants (Lair:5)
  A torpor snail (Lair:2)
  A cane toad (Lair:4)
  A demonic crawler (Spider:1)
  A komodo dragon (Lair:5)
  A meliai (D:13)
  3 trolls
  A merfolk (Shoals:2)
  A tarantella (Spider:1)
  9 slime creatures
  2 culicivoras (Spider:1)
  2 jumping spiders (Spider:1)
  2 wraiths (D:12)
  11 yaks
  A basilisk (Lair:2)
  3 redbacks (Spider:1)
  A steam dragon (D:6)
  2 vampire mosquitoes (D:12)
  A warg (Orc:2)
  4 water moccasins
  3 orc warriors (Orc:2)
  A black bear (D:5)
  A sky beast (D:7)
  4 wolves
  2 centaurs (D:13)
  A kobold brigand (D:10)
  An elf zombie (Ossuary)
  3 bullfrogs
  A glowing shapeshifter simulacrum (IceCv)
  A scorpion (D:6)
  3 wights (D:8)
  An electric eel (D:10)
  A centaur zombie (Ossuary)
  A jelly (D:6)
  3 orc priests
  3 hounds
  A gnoll bouda (Bailey)
  A human zombie (Ossuary)
  2 iguanas (D:6)
  5 orc wizards
  A mummy (D:7)
  5 gnolls
  5 white imps
  2 adder zombies (Ossuary)
  9 orcs
  A hobgoblin zombie (Ossuary)
  13 kobolds
  A quokka zombie (Ossuary)
152 creatures vanquished.

Vanquished Creatures (others)
  An angel (D:9)
  A shadow (D:9)
  A glowing shapeshifter simulacrum (IceCv)
  15 knights
  3 ancestors
  2 orcs (Orc:2)
  9 fungi
  10 plants
42 creatures vanquished.

Grand Total: 832 creatures vanquished

Notes
Turn   | Place    | Note
-------+----------+-------------------------------------------
     0 | D:1      | groovy9 the Minotaur Hunter began the quest for the Orb.
     0 | D:1      | Reached XP level 1. HP: 18/18 MP: 0/0
   106 | D:1      | Reached XP level 2. HP: 25/25 MP: 1/1
   201 | D:1      | Found Jeuddele's Antique Weapon Boutique.
   331 | D:1      | Reached skill level 5 in Ranged Weapons
   344 | D:1      | Reached XP level 3. HP: 25/31 MP: 2/2
  1471 | D:3      | Reached XP level 4. HP: 38/38 MP: 3/3
  1542 | D:3      | Identified the +5 war axe of Gatuim {venom, Fly rPois rC+}
  1599 | D:3      | Found a basalt altar of Yredelemnul.
  1687 | D:3      | Found a faded altar of an unknown god.
  1707 | D:3      | Found a sparkling altar of Nemelex Xobeh.
  1981 | D:3      | Found a runed translucent door.
  1982 | D:3      | Noticed Crazy Yiuf
  2036 | D:3      | Killed Crazy Yiuf
  2037 | D:3      | Reached XP level 5. HP: 13/46 MP: 0/4
  2362 | D:4      | Found a staircase to the Ecumenical Temple.
  2371 | Temple   | Entered the Ecumenical Temple
  2380 | Temple   | Became a worshipper of Hepliaklqana the Forgotten
  2550 | D:4      | Noticed Menkaure
  2562 | D:4      | Killed Menkaure
  2563 | D:4      | Reached skill level 6 in Ranged Weapons
  2563 | D:4      | Reached XP level 6. HP: 16/53 MP: 5/5
  2865 | D:4      | Reached * piety under Hepliaklqana
  3148 | D:5      | Entered Level 5 of the Dungeon
  3152 | D:5      | Reached skill level 7 in Ranged Weapons
  3344 | D:5      | Reached skill level 5 in Fighting
  3344 | D:5      | Reached XP level 7. HP: 27/54 MP: 6/6
  3706 | D:5      | Reached skill level 5 in Dodging
  3716 | D:5      | Reached skill level 8 in Ranged Weapons
  4225 | D:6      | Reached XP level 8. HP: 63/63 MP: 7/7
  4226 | D:6      | Noticed Prince Ribbit
  4243 | D:6      | Killed Prince Ribbit
  4289 | D:6      | Reached skill level 9 in Ranged Weapons
  4888 | D:7      | Reached skill level 10 in Ranged Weapons
  4904 | D:7      | Reached XP level 9. HP: 71/71 MP: 8/8
  4988 | D:7      | Found a sand-covered staircase.
  4997 | Ossuary  | Entered an ossuary
  5180 | Ossuary  | Reached ** piety under Hepliaklqana
  5181 | Ossuary  | Remembered your ancestor Ealamassi as a knight
  5544 | D:7      | Noticed Maggie
  5549 | D:7      | Killed Maggie
  5737 | D:7      | Reached skill level 11 in Ranged Weapons
  6442 | D:8      | Identified the +8 rapier "Pyopo" {venom, Int+4}
  6551 | D:8      | Reached *** piety under Hepliaklqana
  6612 | D:8      | Found an ancient bone altar of Kikubaaqudgha.
  6629 | D:8      | Found a broken altar of Ashenzari.
  6768 | D:8      | Found Mitsoank's Firing Range.
  6779 | D:8      | Bought a +3 triple crossbow for 351 gold pieces
  7151 | D:9      | Found a flagged portal.
  7169 | Bailey   | Entered a bailey
  7226 | Bailey   | Reached skill level 12 in Ranged Weapons
  7226 | Bailey   | Reached XP level 10. HP: 74/81 MP: 9/9
  7819 | D:9      | Found a staircase to the Orcish Mines.
  7824 | D:9      | Reached skill level 13 in Ranged Weapons
  8048 | D:9      | Killed an angel
  8082 | D:9      | Found a sacrificial altar of Ru.
  8179 | D:9      | Found a snail-covered altar of Cheibriados.
  8208 | D:9      | Reached skill level 10 in Fighting
  8214 | D:9      | Found a shimmering altar of Xom.
  8215 | D:9      | Found a glowing silver altar of Zin.
  8238 | D:9      | Reached **** piety under Hepliaklqana
  8293 | D:10     | Entered Level 10 of the Dungeon
  8421 | D:10     | Reached skill level 1 in Invocations
  8582 | D:10     | Noticed a two-headed ogre
  8587 | D:10     | Killed a two-headed ogre
  8588 | D:10     | Reached skill level 5 in Invocations
  8588 | D:10     | Reached XP level 11. HP: 58/89 MP: 13/13
  8757 | D:10     | Noticed a tengu warrior
  8759 | D:10     | Noticed a tengu warrior
  8760 | D:10     | Killed a tengu warrior
  8763 | D:10     | Killed a tengu warrior
  8798 | D:10     | Found a staircase to the Lair.
  9252 | D:10     | Identified a scroll of acquirement
  9252 | D:10     | Acquired 694 gold pieces
  9290 | D:11     | Noticed Erica
  9293 | D:11     | Killed Erica
  9347 | D:11     | Noticed a two-headed ogre
  9350 | D:11     | Killed a two-headed ogre
  9382 | D:11     | Noticed a red ugly thing
  9385 | D:11     | Killed a red ugly thing
  9432 | D:11     | Found a hide-covered altar of Uskayaw.
  9610 | D:11     | Reached skill level 14 in Ranged Weapons
  9713 | Lair:1   | Entered Level 1 of the Lair of Beasts
  9826 | Lair:1   | Reached ***** piety under Hepliaklqana
  9954 | Lair:1   | Noticed a six-headed hydra
  9960 | Lair:1   | Killed a six-headed hydra
  9961 | Lair:1   | Reached skill level 15 in Ranged Weapons
  9961 | Lair:1   | Reached XP level 12. HP: 95/95 MP: 17/17
 10389 | Lair:2   | Noticed a five-headed hydra
 10629 | Lair:2   | Reached skill level 16 in Ranged Weapons
 10698 | Lair:2   | Noticed a death yak
 10702 | Lair:2   | Killed a death yak
 10711 | Lair:2   | Reached skill level 17 in Ranged Weapons
 10851 | Lair:2   | Noticed a death yak
 10852 | Lair:2   | Noticed a death yak
 10852 | Lair:2   | Noticed a death yak
 10853 | Lair:2   | Killed a death yak
 10856 | Lair:2   | Killed a death yak
 10860 | Lair:2   | Killed a death yak
 10867 | Lair:2   | Reached skill level 18 in Ranged Weapons
 10947 | Lair:2   | Found a hole to the Spider Nest.
 11079 | Lair:2   | Found a staircase to the Shoals.
 11206 | Lair:3   | Noticed Fannar
 11210 | Lair:3   | Killed Fannar
 11319 | Lair:3   | Noticed a five-headed hydra
 11324 | Lair:3   | Killed a five-headed hydra
 11325 | Lair:3   | Reached XP level 13. HP: 101/101 MP: 18/18
 11344 | Lair:3   | Found a hide-covered altar of Uskayaw.
 11346 | Lair:3   | Found an ornate altar of the Wu Jian Council.
 12038 | Lair:4   | Reached skill level 19 in Ranged Weapons
 12085 | Lair:4   | Found a frozen archway.
 12098 | IceCv    | Entered an ice cave
 12249 | IceCv    | Noticed a quicksilver ooze
 12264 | IceCv    | Killed a quicksilver ooze
 12478 | IceCv    | Found a viscous altar of Jiyva.
 12478 | IceCv    | Noticed an azure jelly
 12482 | IceCv    | Killed an azure jelly
 12483 | IceCv    | Reached skill level 20 in Ranged Weapons
 12523 | IceCv    | Got the ring "Letaest" {*Corrode rElec rC+ Int+7 Stlth+}
 12541 | IceCv    | Got the Incunabulum of Snow
 13391 | Lair:4   | Reached ****** piety under Hepliaklqana
 13807 | Orc:1    | Entered Level 1 of the Orcish Mines
 13955 | Orc:2    | Entered Level 2 of the Orcish Mines
 13984 | Orc:2    | Found a staircase to the Elven Halls.
 14031 | Orc:2    | Reached skill level 21 in Ranged Weapons
 14574 | Orc:2    | Found Atsody Zaawk's General Store.
 14611 | Orc:2    | Found Bimuor's Distillery.
 14625 | Orc:2    | Bought a potion of heal wounds for 75 gold pieces
 14625 | Orc:2    | Bought a potion of resistance for 150 gold pieces
 14625 | Orc:2    | Bought a potion of haste for 150 gold pieces
 14824 | Orc:2    | Reached XP level 14. HP: 108/108 MP: 19/19
 14902 | Orc:2    | Reached skill level 22 in Ranged Weapons
 15059 | Orc:2    | Found Xeren's Book Shop.
 15059 | Orc:2    | Found Oborch's Antique Weapon Boutique.
 15060 | Orc:2    | Found a one-way gate leading to the halls of Pandemonium.
 15114 | Orc:2    | Found Komi Xuy's General Store.
 15294 | Lair:5   | Entered Level 5 of the Lair of Beasts
 15370 | Lair:5   | Noticed Josephine
 15378 | Lair:5   | Killed Josephine
 15700 | Lair:5   | Reached skill level 23 in Ranged Weapons
 16095 | Lair:5   | Found a staircase to the Slime Pits.
 16095 | Lair:5   | Found a viscous altar of Jiyva.
 16444 | Lair:5   | Identified the +9 sling of the Gloaming {flame, rPois rF+
                  | rN+ Str-2}
 16898 | D:12     | Reached skill level 24 in Ranged Weapons
 17338 | D:13     | Reached XP level 15. HP: 82/113 MP: 20/20
 17613 | Shoals:1 | Entered Level 1 of the Shoals
 17643 | Shoals:1 | Found Zaetied's General Store.
 17657 | Shoals:1 | Found Voetik's Specific Store.
 17867 | Shoals:1 | Reached skill level 1 in Armour
 18065 | Shoals:1 | Found Leoqes's Jewellery Shop.
 18076 | Shoals:1 | Bought the ring "Venu" {rF++ rN+ Str+4 Dex+3} for 651 gold
                  | pieces
 18231 | Shoals:1 | Bought the ring "Bidd" {Contam rN+ rCorr Int+6} for 519
                  | gold pieces
 18252 | Shoals:2 | Noticed Polyphemus
 18311 | Shoals:2 | Noticed Ilsuiw
 18390 | Shoals:1 | Killed Ilsuiw
 18447 | Shoals:1 | Killed Polyphemus
 18448 | Shoals:1 | Reached skill level 25 in Ranged Weapons
 18602 | Shoals:2 | Found Peavi's Jewellery Shoppe.
 18610 | Shoals:2 | Bought the ring of Newnalau {Fly rF- Int+2 Dex+3 SInv} for
                  | 418 gold pieces
 18611 | Shoals:2 | Gained mutation: You are weak. (Str -2) [mutagenic glow]
 18859 | Shoals:2 | Reached skill level 5 in Armour
 19504 | Shoals:3 | Noticed Mlioglotl
 19530 | Shoals:3 | Noticed Nikola
 19611 | Spider:1 | Entered Level 1 of the Spider Nest
 20130 | Spider:1 | Reached skill level 26 in Ranged Weapons
 20186 | Spider:1 | Reached XP level 16. HP: 120/120 MP: 21/21
 20413 | Spider:2 | Noticed Arachne
 20421 | Spider:2 | Killed Arachne
 20471 | Spider:2 | Noticed Frances
 20473 | Spider:2 | Noticed Agnes
 20483 | Spider:2 | HP: 2/120 [Agnes/+1 lajatang of speed (10)]
 20483 | Spider:2 | Demolished by a ghost moth

Illustrated notes

Levels and vault maps discovered:
D:1:      kilobyte_arrival_exit_the_forest, layout_rooms, serial_shops, shop
D:2:      layout_basic
D:3:      layout_basic, mainiacjoe_overflow_chevrons,
          mainiacjoe_overflow_24_doors, dreamdust_ecumenical_altar_statues,
          uniq_crazy_yiuf_cottage
D:4:      layout_cave_pools, minmay_temple_entry_mini_moons, uniq_menkaure
D:5:      layout_loops_cross
D:6:      layout_basic, uniq_prince_ribbit1
D:7:      layout_basic, nicolae_ossuary_entry_giza, uniq_maggie
D:8:      layout_gridville, kennysheep_little_box,
          mainiacjoe_overflow_concentric_impassable, minmay_strange_pillars,
          grunt_decor_junction, nicolae_shop_firing_range
D:9:      layout_roguey, nicolae_ru_great_annihilating_truth,
          mainiacjoe_overflow_catwalk, grunt_temple_overflow_order_and_chaos_1,
          erik_orc_4, enter_bailey_5
D:10:     layout_loops_corners, erik_lair_island, minmay_misc_feat_ornament
D:11:     layout_basic, nicolae_uskayaw_dance_studio, uniq_erica
D:12:     layout_roguey
D:13:     mludivico_vault, layout_irregular_city, minmay_librarian, uniq_lodul,
          uniq_urug
Temple:   eino_temple_lava
Lair:1:   layout_hall_layers, serial_bayou_shore_a
Lair:2:   layout_hall_layers, minmay_shoals_entry_hut,
          nicolae_spider_entry_tight_spaces
Lair:3:   layout_cave_pods, nzn_masters_of_martial_movement, grunt_megastairs_5,
          uniq_fannar
Lair:4:   layout_cave_pods, portal_ice_cave_entry_imps, gauntlet_entry_generic,
          serial_bayou_shore_b, infiniplex_staircase_pool
Lair:5:   grunt_lair_end_beastmaster, layout_cave_pods, slime_entry_1,
          uniq_josephine
Shoals:1: layout_shoals, serial_shops, shop, nicolae_specific_store,
          nicolae_shoals_stone_sculpture_thing
Shoals:2: layout_shoals, serial_shops, shop, uniq_ilsuiw, uniq_polyphemus
Shoals:3: layout_shoals, st_cyclops, uniq_mlioglotl, uniq_nikola
Spider:1: layout_spider_delve
Spider:2: layout_spider_delve, uniq_agnes, uniq_kirke, uniq_frances,
          uniq_arachne
Orc:1:    layout_caves, serial_shops, shop, uniq_snorg, uniq_erolcha
Orc:2:    pf_orc_diabolical, layout_diamond_mine, serial_shops,
          nicolae_shop_behind_doors

Skill      XL: |  1  2  3  4  5  6  7  8  9 10 11 12 13 14 15 16 |
---------------+-------------------------------------------------+-----
Fighting       | 3 4 5 6 7 9 10 | 10.0
Ranged Weapons | 5 6 7 8 10 12 13 15 18 21 24 26 | 26.0
Dodging        | 3 4 5 6 8 9 |  9.2
Invocations    | 5 8 |  8.8
Armour         | 7 8 |  8.3
Stealth        | |  0.7

Action                   |  1- 3 |  4- 6 |  7- 9 | 10-12 | 13-15 | 16-18 || total
-------------------------+-------+-------+-------+-------+-------+-------++-------
 Fire: Shortbow          |   118 |   118 |   325 |       |       |       ||   561
       Triple crossbow   |       |       |    29 |   333 |   847 |    28 ||  1237
Invok: Recall Ancestor   |       |       |     1 |     2 |    11 |       ||    14
       Ancestor Life: Kn |       |       |     1 |       |       |       ||     1
       Idealise          |       |       |       |       |     2 |       ||     2
  Use: Scroll            |    11 |     3 |    12 |     7 |    13 |       ||    46
       Potion            |       |     2 |       |       |    16 |       ||    18
Armor: Leather armour    |     7 |     9 |     5 |       |       |       ||    21
       Steam dragon scal |       |       |     8 |     5 |       |       ||    13
       Troll leather arm |       |       |       |    23 |    68 |     1 ||    92
       Skin              |       |       |       |       |    19 |       ||    19
Dodge: Dodged            |    24 |    28 |    61 |    85 |   290 |    14 ||   502
